Map: Realities Simulation LE

Players

ARTIMUL

  • Race: Terran Terran
  • Spawn Location: 5:00

NickNameErr

  • Race: Protoss Protoss
  • Spawn Location: 6:00

ZATLAN

  • Race: Terran Terran
  • Spawn Location: 3:00

MattBarry - Winner!

  • Race: Zerg Zerg
  • Spawn Location: 11:00

MattBarry - Winner!

  • Race: Terran Terran
  • Spawn Location: 12:00

Alebay - Winner!

  • Race: Protoss Protoss
  • Spawn Location: 9:00

VOD

Have the link to the VOD?

Description

Time

  • Played on: Jan. 5, 2023, 2:05 a.m.
  • Length: 15:50
Show
View Real Time Build Order
Export as new Build Order

ARTIMUL Terran 

Build Orders:  

Get SALT Encoding   

  12  0:01  SCV  
  13  0:15  Supply Depot  
  13  0:17  SCV  
  14  0:29  SCV  
  15  0:42  SCV  
  16  0:45  Refinery  
  16  0:48  Refinery  
  16  0:54  SCV  
  17  1:02  Barracks  
  17  1:06  SCV  
  18  1:18  SCV  
  19  1:24  Supply Depot  
  19  1:30  SCV  
  20  1:42  SCV  
  21  1:51  Factory  
  21  1:53  Barracks Reactor  
  21  2:00  Bunker  
  21  2:01  SCV  
  22  2:13  SCV  
  23  2:25  SCV  
  24  2:31  Marine x2  
  26  2:37  Supply Depot  
  26  2:43  Engineering Bay  
  26  2:44  Orbital Command, Factory Tech Lab  
  26  2:48  Marine  
  27  2:59  Supply Depot  
  27  3:03  Siege Tank  
  30  3:16  Missile Turret  
  30  3:28  Missile Turret  
  30  3:31  Marine  
  31  3:35  Widow Mine  
  33  3:58  Starport  
  33  4:04  Widow Mine  
  33  4:08  Missile Turret, SCV  
  36  4:18  Armory  
  36  4:20  SCV  
  37  4:30  Command Center  
  37  4:33  SCV  
  38  4:39  Liberator  
  38  4:45  Liberator, SCV  
  45  4:57  SCV  
  46  5:06  Missile Turret  
  46  5:09  SCV  
  46  5:10  Drilling Claws  
  47  5:16  Supply Depot  
  47  5:28  Terran Vehicle Weapons Level 1  
  47  5:38  Viking x2, SCV  
  47  5:39  Siege Tank  
  55  5:48  SCV  
  56  5:50  SCV, Barracks Reactor  
  57  6:00  SCV  
  57  6:02  SCV  
  59  6:14  SCV  
  60  6:26  SCV  
  51  7:06  Viking x2  
  55  7:15  SCV  
  56  7:16  Missile Turret  
  56  7:17  Missile Turret  
  56  7:18  Widow Mine  
  58  7:27  SCV  
  58  7:29  Refinery x2  
  59  7:36  Viking x2  
  63  7:38  Missile Turret  
  63  7:39  Widow Mine, SCV  
  63  7:44  Missile Turret  
  66  7:46  Missile Turret  
  66  7:51  SCV  
  67  8:03  SCV  
  68  8:06  Viking  
  70  8:40  Supply Depot  
  70  8:42  Supply Depot  
  70  8:43  Supply Depot  
  70  8:48  Hi-Sec Auto Tracking  
  70  8:53  Missile Turret  
  70  8:56  Missile Turret  
  70  9:02  Viking x2, SCV  
  75  9:14  SCV  
  76  9:26  SCV  
  77  9:31  Viking x2  
  77  9:38  SCV  
  82  9:45  Neosteel Armor  
  82  9:50  SCV  
  83  10:01  Viking  
  33  11:33  SCV  
  33  11:38  Viking  
  33  11:39  Viking  
  38  11:41  Factory Tech Lab  
  38  11:44  Orbital Command  
  38  11:46  SCV  
  39  11:57  Missile Turret  
  39  11:58  SCV  
  40  12:07  Missile Turret  
  40  12:08  Missile Turret, Viking  
  40  12:09  Viking  
  40  12:10  SCV  
  45  12:27  Armory  
  45  12:30  Terran Infantry Armor Level 1  
  45  12:31  Armory  
  45  12:32  Missile Turret  
  45  12:35  SCV  
  46  12:38  Viking  
  46  12:39  Viking  
  46  12:44  Marine x2  
  51  12:47  SCV  
  51  12:49  Widow Mine  
  55  12:54  Supply Depot  
  55  13:01  Marine  
  55  13:02  Marine  
  57  13:08  Viking  
  57  13:09  Viking  
  57  13:11  Widow Mine  
  63  13:15  Missile Turret  
  63  13:18  Missile Turret  
  63  13:19  Marine  
  64  13:20  Marine  
  65  13:32  Widow Mine  
  67  13:37  Marine x2  
  69  13:54  Widow Mine  
  71  14:15  Widow Mine  
Show
View Real Time Build Order
Export as new Build Order

NickNameErr Protoss 

Build Orders: Forge Fast Expand (FFE) 

Get SALT Encoding   

  12  0:01  Probe  
  13  0:14  Probe  
  14  0:27  Pylon  
  14  0:29  Probe  
  15  0:45  Probe  
  15  0:46  Forge  
  16  0:57  Probe  
  17  1:14  Nexus  
  17  1:19  Probe  
  18  1:31  Probe  
  19  1:43  Photon Cannon, Probe  
  20  1:47  Photon Cannon  
  20  1:54  Pylon  
  20  1:56  Probe (Chrono Boost)  
  21  2:06  Assimilator  
  22  2:08  Probe (Chrono Boost)  
  22  2:13  Probe (Chrono Boost)  
  23  2:19  Photon Cannon  
  23  2:23  Probe  
  23  2:28  Probe  
  25  2:35  Probe (Chrono Boost)  
  26  2:39  Assimilator  
  26  2:40  Probe (Chrono Boost)  
  26  2:43  Pylon  
  27  2:48  Probe (Chrono Boost)  
  29  2:52  Probe (Chrono Boost)  
  29  2:56  Probe (Chrono Boost)  
  29  2:57  Probe (Chrono Boost)  
  29  2:58  Pylon  
  31  3:10  Gateway  
  32  3:12  Probe  
  33  3:22  Probe (Chrono Boost)  
  33  3:25  Probe (Chrono Boost)  
  34  3:33  Assimilator  
  34  3:34  Probe (Chrono Boost)  
  36  3:35  Probe (Chrono Boost)  
  36  3:39  Probe  
  37  3:43  Probe  
  38  3:55  Nexus  
  38  3:58  Cybernetics Core  
  38  4:05  Photon Cannon  
  38  4:08  Pylon  
  38  4:09  Probe x2  
  40  4:19  Pylon  
  40  4:21  Probe x2  
  42  4:34  Assimilator, Probe (Chrono Boost)  
  42  4:35  Probe (Chrono Boost)  
  44  4:45  Probe x2 (Chrono Boost)  
  46  4:48  Photon Cannon  
  46  4:51  Photon Cannon, Probe x2 (Chrono Boost)  
  48  4:54  Assimilator  
  48  4:57  Stargate x2  
  49  5:00  Stargate, Probe (Chrono Boost)  
  49  5:01  Stargate  
  49  5:03  Pylon  
  49  5:05  Probe (Chrono Boost)  
  50  5:09  Probe (Chrono Boost)  
  50  5:13  Probe (Chrono Boost)  
  52  5:17  Probe (Chrono Boost)  
  52  5:19  Probe (Chrono Boost)  
  52  5:20  Probe (Chrono Boost)  
  23  8:08  Probe  
  24  8:16  Probe  
  24  8:26  Probe  
  25  8:27  Photon Cannon  
  25  8:30  Photon Cannon  
  25  8:31  Pylon  
  26  8:34  Pylon  
  26  8:38  Probe  
  27  9:20  Void Ray x3  
  35  9:29  Probe  
  40  9:37  Shield Battery  
  40  9:39  Shield Battery  
  40  9:41  Probe  
  40  9:42  Protoss Air Weapons Level 1  
  40  9:44  Shield Battery  
  41  9:53  Probe  
  46  10:05  Probe  
  47  10:18  Probe  
  52  11:21  Pylon  
  52  11:23  Pylon  
  52  11:24  Void Ray x2  
  52  11:50  Protoss Air Armor Level 1  
  40  12:13  Fleet Beacon  
  40  12:22  Void Ray x2  
  48  13:02  Mothership  
  48  13:10  Flux Vanes  
  56  13:15  Tempest x2  
  59  15:14  Photon Cannon  
  59  15:16  Photon Cannon  
  59  15:18  Photon Cannon  
  59  15:19  Pylon  
  59  15:20  Pylon  
  59  15:22  Pylon  
Show
View Real Time Build Order
Export as new Build Order

ZATLAN Terran 

Build Orders:  

Get SALT Encoding   

  12  0:27  SCV  
  13  0:32  Supply Depot  
  13  0:39  SCV  
  14  0:51  SCV  
  14  0:56  Barracks  
  15  1:03  SCV  
  16  1:06  Refinery  
  16  1:11  Refinery  
  16  1:15  SCV  
  17  1:27  Supply Depot, SCV  
  18  1:39  SCV  
  19  1:47  Barracks  
  19  1:49  Barracks Tech Lab  
  19  1:51  SCV  
  20  1:55  Engineering Bay  
  20  2:03  SCV  
  21  2:09  Marine  
  22  2:16  SCV  
  23  2:25  Engineering Bay  
  23  2:27  Marine, Terran Infantry Weapons Level 1  
  23  2:28  SCV  
  25  2:37  Barracks Reactor  
  25  2:40  SCV  
  26  2:46  Missile Turret  
  26  2:50  Combat Shield  
  26  2:52  SCV  
  26  2:57  Missile Turret  
  27  3:23  Command Center  
  27  3:33  Missile Turret  
  27  3:41  Marine  
  27  3:42  Marine  
  29  3:48  Orbital Command  
  29  3:51  Supply Depot  
  29  4:00  Missile Turret  
  29  4:13  Terran Infantry Armor Level 1  
  29  4:14  Supply Depot  
  29  4:31  Marine x2  
  29  4:32  Factory  
  29  4:33  Marine  
  29  4:37  Supply Depot  
  32  4:43  SCV  
  33  4:49  Marine, SCV  
  35  4:55  SCV  
  35  4:59  Supply Depot  
  36  5:01  SCV  
  37  5:07  SCV  
  37  5:12  Marine x2  
  37  5:13  Marine, SCV  
  42  5:19  SCV  
  43  5:22  Supply Depot  
  43  5:25  SCV  
  43  5:26  Factory Tech Lab  
  44  5:31  SCV  
  44  5:32  Missile Turret  
  45  5:37  SCV  
  46  5:44  SCV  
  46  5:46  Siege Tank  
  46  5:47  Armory  
  46  5:49  SCV  
  51  5:52  Supply Depot  
  51  5:56  SCV  
  52  5:58  Supply Depot  
  52  6:01  SCV  
  53  6:08  SCV  
  54  6:13  SCV  
  55  6:20  SCV  
  56  6:25  SCV  
  56  6:32  SCV  
  55  6:37  SCV  
  56  6:44  SCV  
  57  6:49  Supply Depot, Siege Tank  
  55  7:15  Marine x3  
  52  7:21  Siege Tank  
  55  7:25  Refinery  
  55  7:28  Refinery  
  55  7:32  Marine  
  55  7:33  Marine x2  
  55  7:36  Missile Turret  
  58  7:39  Terran Vehicle Weapons Level 1  
  58  7:41  Terran Infantry Weapons Level 2  
  58  7:43  Terran Infantry Armor Level 2  
  58  7:45  SCV  
  58  7:50  Marine x3  
  62  7:55  Barracks x2  
  62  7:57  SCV, Stimpack  
  63  8:08  Marine x3  
  63  8:09  SCV  
  63  8:10  Missile Turret  
  67  8:12  Missile Turret  
  67  8:21  SCV  
  67  8:26  Marine x3  
  71  8:33  Missile Turret, SCV  
  72  8:34  Missile Turret  
  72  8:38  Missile Turret  
  72  8:42  Missile Turret  
  72  8:44  Missile Turret, Marine x3  
  75  8:49  Missile Turret  
  75  8:50  Missile Turret  
  75  8:53  Missile Turret  
  75  8:57  Missile Turret  
  75  9:01  Marine  
  75  9:02  Marine x2  
  71  9:11  Siege Tank  
  74  9:17  SCV  
  74  9:20  Marine  
  76  9:25  Barracks Reactor x2  
  76  9:29  SCV  
  77  9:47  Supply Depot x2  
  77  10:06  Supply Depot  
  77  10:08  Siege Tank  
  80  10:23  Supply Depot  
  80  10:24  Terran Vehicle Weapons Level 2  
  80  10:25  Missile Turret  
  80  10:27  Missile Turret, Starport  
  80  10:40  Siege Tank  
  77  10:49  Barracks Reactor  
  73  11:06  Starport Reactor  
  73  11:10  Starport  
  73  11:12  Siege Tank  
  76  11:34  Armory  
  76  11:37  Armory  
  76  11:45  Command Center, Siege Tank  
  76  11:46  Marine  
  76  11:47  Marine x6  
  86  12:04  Marine x3  
  86  12:05  Marine x4  
  93  12:09  Terran Infantry Weapons Level 3  
  93  12:10  Terran Infantry Armor Level 3  
  93  12:15  Starport Reactor  
  93  12:17  Siege Tank  
  93  12:19  Starport  
  93  12:22  Marine x4  
  98  12:23  Marine x3  
  103  12:35  Starport  
  103  12:38  Starport  
  103  12:40  Marine x5  
  103  12:41  Marine x2  
  110  12:56  Medivac x2  
  110  12:58  Marine x6  
  116  12:59  Marine  
  116  13:01  Supply Depot  
  116  13:03  Supply Depot  
  121  13:05  Missile Turret  
  121  13:10  Missile Turret  
  121  13:13  Missile Turret  
  121  13:16  Marine  
  122  13:40  Starport Reactor x2  
  122  13:41  Starport Reactor  
Show
View Real Time Build Order
Export as new Build Order

MattBarry Zerg - Winner!

Build Orders: Hatch First 

Get SALT Encoding   

  12  0:00  Drone  
  13  0:12  Overlord  
  13  0:17  Drone  
  14  0:31  Drone x2  
  16  1:01  Hatchery  
  15  1:11  Spawning Pool  
  14  1:16  Drone x2  
  14  1:17  Drone  
  17  1:30  Extractor  
  16  1:36  Drone  
  17  1:42  Drone  
  18  1:58  Drone  
  18  1:59  Queen  
  21  2:11  Drone  
  21  2:12  Overlord  
  21  2:15  Overlord  
  22  2:28  Drone  
  23  2:42  Drone  
  24  2:44  Drone  
  24  2:46  Drone x2  
  27  2:51  Extractor, Metabolic Boost  
  27  2:58  Queen  
  28  3:24  Drone x3  
  28  3:25  Overlord x2  
  31  3:29  Zergling x6  
  34  3:40  Zergling x2  
  35  3:45  Lair  
  35  3:48  Zergling x4  
  37  4:03  Queen  
  39  4:13  Hatchery  
  38  4:20  Drone x2  
  38  4:21  Drone x4  
  38  4:22  Drone x3  
  47  4:29  Evolution Chamber  
  46  4:32  Evolution Chamber  
  45  4:51  Drone  
  45  4:52  Drone x4  
  50  4:57  Extractor  
  50  4:58  Extractor  
  48  5:03  Infestation Pit  
  48  5:04  Zerg Missile Weapons Level 1  
  48  5:06  Zerg Ground Armor Level 1  
  47  5:07  Pneumatized Carapace  
  47  5:25  Baneling Nest  
  46  5:34  Spire  
  45  5:35  Spore Crawler  
  45  5:37  Spore Crawler  
  45  5:40  Drone  
  45  5:41  Drone x5  
  45  5:42  Drone  
  50  5:44  Zergling x2  
  50  5:45  Zergling x8  
  55  5:59  Overseer  
  55  6:29  Zergling x2  
  55  6:30  Zergling x20  
  55  7:27  Hive  
  55  7:34  Zerg Melee Weapons Level 1  
  55  7:51  Baneling x4  
  55  7:54  Centrifugal Hooks  
  55  7:58  Baneling  
  55  7:59  Baneling  
  55  8:30  Drone x3  
  55  8:32  Overlord x2  
  58  8:40  Greater Spire  
  58  8:45  Overlord x3  
  58  8:46  Overlord x2  
  48  9:05  Zergling x2  
  48  9:06  Zergling x54  
  48  9:07  Zergling x2  
  77  9:10  Adrenal Glands  
  76  9:26  Zergling x2  
  76  9:27  Zergling x6  
  76  9:28  Zergling x2  
  81  9:32  Zerg Melee Weapons Level 2  
  81  9:37  Overlord x4  
  81  9:38  Overlord x2  
  52  10:43  Hydralisk Den  
  51  10:50  Hydralisk Den  
  50  11:20  Queen  
  50  11:22  Muscular Augments, Grooved Spines  
  52  12:28  Hydralisk x3  
  52  12:29  Hydralisk x7  
  72  12:30  Hydralisk x8  
  72  12:31  Hydralisk x10  
  108  12:55  Overseer  
  108  13:03  Overseer  
  108  13:11  Hydralisk  
  108  13:12  Hydralisk x6  
  98  14:01  Hydralisk  
  98  14:02  Hydralisk x8  
  113  14:33  Overseer  
  111  14:39  Overseer  
  111  15:04  Hydralisk  
  111  15:05  Hydralisk x8  
Show
View Real Time Build Order
Export as new Build Order

MattBarry Terran - Winner!

Build Orders:  

Get SALT Encoding   

  12  0:00  SCV  
  13  0:12  SCV  
  14  0:19  Supply Depot  
  14  0:24  SCV  
  15  0:41  SCV  
  16  0:42  Barracks  
  16  0:53  SCV  
  17  1:05  SCV  
  18  1:17  Command Center  
  18  1:19  SCV  
  19  1:30  Marine  
  19  1:32  Orbital Command  
  20  1:38  Refinery  
  20  1:44  Supply Depot  
  20  1:47  Marine  
  21  1:59  SCV  
  22  2:05  Marine  
  23  2:11  SCV  
  24  2:18  Refinery  
  24  2:20  Barracks  
  24  2:24  SCV  
  24  2:26  Barracks Tech Lab  
  24  2:28  Orbital Command  
  25  2:47  Factory  
  25  2:54  SCV x2  
  27  3:06  SCV x2  
  27  3:07  Refinery  
  27  3:09  Refinery  
  27  3:11  Marine  
  27  3:12  Marine  
  31  3:18  SCV x2  
  33  3:30  Barracks Tech Lab  
  33  3:33  Starport  
  33  3:40  Cyclone  
  36  3:42  SCV x2  
  38  3:54  SCV x2  
  38  3:55  Supply Depot  
  40  3:57  Marine  
  41  4:06  SCV x2  
  43  4:13  Fusion Core  
  43  4:22  Starport  
  43  4:23  SCV  
  43  4:24  SCV  
  45  4:31  Supply Depot  
  45  4:34  Supply Depot  
  45  4:36  SCV x2  
  49  4:48  SCV x2  
  49  4:49  Raven  
  51  4:57  Command Center  
  51  5:00  SCV x2  
  53  5:17  Weapon Refit  
  53  5:22  SCV x2  
  53  5:27  Battlecruiser x2  
  67  5:31  Supply Depot  
  67  5:35  SCV x2  
  69  5:39  Supply Depot  
  69  5:43  Supply Depot  
  69  5:51  SCV  
  69  5:53  SCV  
  71  6:06  Supply Depot  
  71  6:13  Starport, Barracks Reactor  
  71  6:15  Barracks Tech Lab  
  71  6:30  Orbital Command  
  71  6:31  Battlecruiser  
  77  6:34  Battlecruiser  
  83  6:43  SCV  
  83  6:44  SCV, Refinery  
  85  7:17  SCV x3  
  88  7:29  SCV x2  
  90  7:37  Starport Tech Lab  
  90  7:40  Battlecruiser x2  
  102  8:19  Battlecruiser  
  108  8:21  Refinery  
  108  8:28  Armory  
  108  8:31  Armory  
  108  8:39  Command Center  
  108  8:44  Battlecruiser  
  114  8:57  Supply Depot  
  114  8:58  Supply Depot x3  
  114  9:06  SCV x3  
  117  9:16  Terran Ship Weapons Level 1  
  117  9:18  Terran Vehicle And Ship Armor Level 1  
  117  9:19  SCV x3, Battlecruiser  
  126  9:33  Battlecruiser  
  132  9:39  Supply Depot x3  
  132  9:55  Battlecruiser  
  120  10:51  Battlecruiser x2  
  132  10:59  Battlecruiser  
  132  11:30  Terran Ship Weapons Level 2  
  132  11:34  Terran Vehicle And Ship Armor Level 2  
  132  11:42  SCV x3  
  135  11:54  SCV x3  
  135  11:55  Battlecruiser  
  135  12:00  Battlecruiser  
  150  12:27  Battlecruiser  
  156  12:47  Refinery x2  
  156  12:59  Battlecruiser  
  156  13:01  Engineering Bay  
  156  13:03  Command Center  
  156  13:04  Battlecruiser  
  168  13:05  Command Center  
  168  13:07  Command Center  
  168  13:26  Planetary Fortress  
  168  14:02  Battlecruiser  
  174  14:03  Battlecruiser  
  174  14:08  Battlecruiser  
  180  14:44  Orbital Command x3  
Show
View Real Time Build Order
Export as new Build Order

Alebay Protoss - Winner!

Build Orders: Carriers 

Get SALT Encoding   

  12  0:00  Probe  
  13  0:12  Probe  
  14  0:19  Pylon  
  14  0:24  Probe  
  15  0:29  Assimilator  
  15  0:37  Probe  
  16  0:43  Pylon  
  16  0:49  Probe  
  17  0:56  Gateway  
  17  1:01  Probe  
  18  1:06  Assimilator  
  18  1:18  Forge, Probe  
  19  1:30  Probe  
  20  1:35  Gateway  
  20  1:42  Probe  
  20  1:46  Zealot  
  23  1:54  Probe  
  23  1:59  Photon Cannon  
  24  2:11  Cybernetics Core  
  24  2:17  Zealot  
  26  2:23  Zealot  
  28  2:49  Stalker  
  30  2:52  Protoss Ground Weapons Level 1  
  30  2:55  Pylon  
  30  2:56  Pylon  
  30  3:04  Warp Gate  
  30  3:13  Stalker  
  30  3:14  Twilight Council  
  32  3:24  Stalker  
  34  3:42  Pylon  
  34  3:51  Stalker  
  36  3:55  Probe  
  37  4:08  Pylon  
  37  4:15  Nexus  
  37  4:21  Pylon  
  37  4:31  Blink  
  37  4:50  Probe  
  38  5:00  Protoss Ground Armor Level 1  
  38  5:03  Probe  
  39  5:10  Gateway  
  39  5:12  Stalker x2  
  43  5:17  Probe  
  44  5:26  Pylon  
  44  5:29  Probe  
  44  5:32  Probe  
  46  5:37  Assimilator  
  46  5:41  Probe  
  47  5:44  Probe  
  48  5:53  Zealot x2  
  52  5:58  Probe x2  
  54  6:10  Probe x2  
  56  6:16  Stalker x3  
  48  6:32  Charge  
  48  6:38  Probe  
  47  6:41  Probe  
  48  6:50  Probe  
  48  6:53  Probe  
  50  7:00  Stalker x2  
  54  7:02  Probe  
  55  7:11  Protoss Ground Weapons Level 2  
  55  7:12  Assimilator  
  55  7:14  Probe x2  
  57  7:23  Stalker x2  
  57  7:26  Probe x2  
  63  7:38  Probe  
  63  7:39  Stargate  
  63  7:41  Stargate  
  64  7:45  Probe  
  64  7:50  Probe  
  66  7:57  Probe  
  67  8:02  Probe  
  68  8:09  Nexus, Probe  
  68  8:12  Pylon  
  69  8:28  Fleet Beacon  
  69  8:31  Assimilator  
  69  8:45  Probe  
  70  9:08  Protoss Air Weapons Level 1, Probe x2  
  72  9:10  Carrier (Chrono Boost)  
  84  9:20  Carrier (Chrono Boost), Probe x2  
  84  9:23  Probe  
  87  9:32  Probe x2  
  87  9:33  Pylon  
  87  9:35  Pylon  
  89  9:50  Stargate  
  89  9:52  Stargate  
  89  9:53  Probe x3  
  92  10:05  Probe x2  
  94  10:10  Carrier  
  100  10:17  Carrier, Probe  
  107  10:43  Assimilator  
  107  10:48  Carrier  
  113  10:54  Zealot x2  
  113  10:56  Zealot  
  119  11:01  Pylon  
  119  11:02  Pylon  
  119  11:07  Probe  
  119  11:09  Probe x2  
  122  11:17  Protoss Air Armor Level 1  
  122  11:19  Carrier, Probe  
  122  11:21  Probe  
  122  11:22  Carrier  
  136  11:31  Probe  
  137  11:43  Probe  
  138  11:49  Pylon  
  138  11:51  Pylon  
  138  11:54  Pylon  
  138  11:56  Pylon  
  138  11:57  Nexus  
  138  11:58  Assimilator  
  138  12:02  Assimilator, Carrier  
  138  12:12  Twilight Council  
  138  12:14  Carrier  
  144  12:33  Carrier  
  150  12:38  Zealot x3  
  156  12:52  Probe  
  156  12:55  Probe  
  156  12:58  Carrier  
  164  13:02  Zealot x3  
  170  13:09  Carrier  
  176  13:28  Protoss Air Weapons Level 2  
  160  14:06  Stalker x2  
  160  14:07  Stalker  
  171  15:24  Nexus  
Tags
 
Add a new tag
Caveats
  • Supply blocks, unpowered buildings, or Contaminate may cause inaccurate times.
  • Supply counts are checked every 10 seconds.